 Dungeon Crawl Stone Soup version 0.29-a0-378-gc08b2e8bf8 (webtiles) character file.

Game seed: 2328971050753695101

151 Bruhh the Magician (level 5, -1/37 HPs)
             Began as a Djinni Transmuter on May 5, 2022.
             Slain by an orc
             ... wielding a +1 hand axe of electrocution
              (20 damage)
             ... on level 3 of the Dungeon.
             The game lasted 00:05:29 (4147 turns).

Bruhh the Magician (Djinni Transmuter)              Turns: 4147, Time: 00:05:29

Health: -1/37      AC:  2    Str:  9    XL:     5   Next: 60%
Gold:   102        EV: 19    Int: 16    God:
                   SH:  0    Dex: 19

rFire   . . .      SeeInvis .     - Unarmed
rCold   . . .      Faith    .   (shield currently unavailable)
rNeg    . . .      Spirit   .   (body armour currently unavailable)
rPois   ∞          Reflect  .   (helmet currently unavailable)
rElec   .          Harm     .   (cloak currently unavailable)
rCorr   .          Rampage  .   (gloves currently unavailable)
Will    .....                   (boots unavailable)
Stlth   ++........              (no amulet)
HPRegen 0.12/turn               (no ring)
MPRegen 0.00/turn               (no ring)

@: spider-form (expiring), flying
A: venomous fangs, flying, sickness immunity, tiny, (fire resistance 2), (cold
vulnerability 1), float, innate caster, HP casting, extra vitality 1
a: End Transformation


You were on level 3 of the Dungeon.
You were a venomous arachnid creature.
You visited 1 branch of the dungeon, and saw 3 of its levels.

You collected 102 gold pieces.

Inventory:

Armour
 a - a +0 robe (melded)
Jewellery
 l - an amulet of regeneration
Wands
 o - a wand of digging (5)
Scrolls
 b - a scroll of blinking {unknown}
 f - a scroll of noise {unknown}
 g - a scroll of magic mapping {unknown}
 h - 4 scrolls of identify {unknown}
 k - a scroll of immolation {unknown}
 m - a scroll of enchant weapon {unknown}
 n - a scroll of fog {unknown}
Potions
 c - a potion of invisibility
 d - a potion of curing
 e - 2 potions of resistance
 i - a potion of heal wounds
 j - a potion of brilliance {unknown}


   Skills:
 + Level 1.3 Fighting
 - Level 2.1 Dodging
 + Level 3.1 Unarmed Combat
 - Level 4.0 Spellcasting


You couldn't memorise any spells.
You knew the following spells:

 Your Spells              Type           Power      Damage    Failure   Level
a - Beastly Appendage     Tmut           32%        N/A       11%         1
b - Wereblood             Tmut           16%        N/A       14%         2
c - Spider Form           Tmut/Pois      16%        N/A       24%         3
d - Ice Form              Ice/Tmut       16%        N/A       54%         4
e - Apportation           Tloc           32%        N/A       11%         1
f - Static Discharge      Conj/Air       16%        N/A       14%         2
Your spell library was empty.

Dungeon Overview and Level Annotations

Branches:
Dungeon (3/15)

Altars:


Innate Abilities, Weirdness & Mutations

You are a venomous arachnid creature.
You have poisonous fangs.
You are tiny and dextrous.
You are flying.
Your spellcasting is less reliable in this form.
Your armour is entirely melded.
You are incapable of wielding weapons or throwing items.
You are immune to sickness and miasma.
You are immune to poison.
((Your flesh is very heat resistant. (rF++)))
((You are vulnerable to cold. (rC-)))
You float through the air rather than walking.
You learn spells naturally, not from books.
Your magical power is your life essence.
You have superior vitality. (+4 MHP)


Message History

Found 11 gold pieces.
The orc shouts!
An orc comes into view. It is wielding a +0 short sword.
A quokka comes into view.
The orc moves out of view.
You grow a pair of large bovine horns.
The orc hits you with a +0 club.
An orc comes into view. It is wielding a +0 dagger.
You hit the orc. You headbutt the orc.
You kill the orc!
Things that are here:
a +0 club; 2 boomerangs
Casting: Beastly Appendage (safe; 3% risk of failure)
Confirm with . or Enter, or press ? or * to list all spells.
Your horns disappear.
You turn into a venomous arachnid creature.
Your +0 robe melds into your body.
The orc misses you.
You hit the orc.
The orc is poisoned.
The orc is lightly wounded.
You hit the orc.
The orc looks as sick as possible!
The orc is almost dead.
You kill the orc!
The quokka bites you.
You hit the quokka.
You kill the quokka!
You hit the orc but do no damage.
The orc is poisoned.
The orc misses you. The orc barely misses you.
You hit the orc but do no damage.
The orc is lightly wounded.
The orc barely misses you. The orc completely misses you.
You bite the orc!
You kill the orc!
The orc hits you with a +1 hand axe of electrocution.
You hit the orc but do no damage.
Your transformation is almost over.
The orc hits you with a +1 hand axe of electrocution.
You hit the orc but do no damage.
The orc is poisoned.
The orc hits you with a +1 hand axe of electrocution.
You are electrocuted!!
Ouch! That really hurt!
You die...

## #.# . .#
#.# .. . #.#
###o#. #.#
.....### #.#
.....# #.#
..#.#.#o###
###.#
......)s..#
#...#
..#.#.#$#.#
#######.<<.
.....#.#
........###
#.#.###.#
#######.# # #.
#.##########.#
#
#............#
##############


You could see an orc (poisoned).

Vanquished Creatures
  Natasha (thrice) (D:2)
  2 adders (D:2)
  A worm (D:2)
  A dart slug (D:2)
  3 orcs (D:3)
  7 ball pythons
  4 bats
  3 endoplasms
  2 giant cockroaches
  3 goblins
  5 hobgoblins
  7 quokkas
  4 frilled lizards
  4 kobolds
  3 rats (D:1)
52 creatures vanquished.

Notes
Turn   | Place    | Note
-------+----------+-------------------------------------------
     0 | D:1      | Bruhh the Djinni Transmuter began the quest for the Orb.
     0 | D:1      | Reached XP level 1. HP: 17/17 MP: 0/0
   502 | D:1      | Reached skill level 2 in Spellcasting
   507 | D:1      | Reached XP level 2. HP: 6/22 MP: 0/0
  1565 | D:1      | Reached XP level 3. HP: 26/27 MP: 0/0
  1565 | D:1      | Learned a level 1 spell: Apportation
  2270 | D:2      | Noticed Natasha
  2281 | D:2      | Killed Natasha
  2282 | D:2      | Reached skill level 3 in Spellcasting
  2282 | D:2      | Reached XP level 4. HP: 15/32 MP: 0/0
  2473 | D:2      | Noticed Natasha
  2480 | D:2      | Killed Natasha
  3456 | D:2      | Noticed Natasha
  3464 | D:2      | Killed Natasha
  3465 | D:2      | Reached XP level 5. HP: 26/37 MP: 0/0
  3465 | D:2      | Learned a level 2 spell: Static Discharge
  3643 | D:2      | Reached skill level 4 in Spellcasting
  4147 | D:3      | Slain by an orc

Illustrated notes

Levels and vault maps discovered:
D:1:      amcnicky_arrival_abandoned_market, layout_loops_corners
D:2:      layout_basic, uniq_natasha
D:3:      layout_loops_ring, uniq_sigmund

Skill      XL: |  1  2  3  4  5 |
---------------+----------------+-----
Spellcasting   | 2 3 4 |  4.0
Fighting       | |  1.3
Dodging        | |  2.1
Unarmed Combat | |  3.1

Action                   |  1- 3 |  4- 6 || total
-------------------------+-------+-------++-------
Melee: Unarmed           |    93 |    77 ||   170
       Headbutt          |    10 |     9 ||    19
       Punch             |     4 |     1 ||     5
 Cast: Beastly Appendage |    17 |    14 ||    31
       Wereblood         |     2 |       ||     2
       Spider Form       |     2 |     6 ||     8
       Static Discharge  |       |     2 ||     2
  Use: Potion            |     2 |     4 ||     6
Armor: Robe              |    11 |    12 ||    23
       Skin              |       |     3 ||     3
Dodge: Dodged            |    64 |    61 ||   125

Table legend: (Time is in decaauts)
 A = Elapsed time spent in this place.
 B = Non-inter-level travel time spent in this place.
 C = Inter-level travel time spent in this place.
 D = Time resting spent in this place.
 E = Time spent auto-exploring this place.
 F = Levels seen in this place.
 G = Mean time per level.
                   A        B        C        D        E       F      G
               +--------+--------+--------+--------+--------+-----+--------+
         Total |   4143 |   3983 |    160 |      0 |   3575 |   3 | 1381.0 |
       Dungeon |   4143 |   3983 |    160 |      0 |   3575 |   3 | 1381.0 |
               +--------+--------+--------+--------+--------+-----+--------+

Top non-repeatable levels by time:
     D:1: 2264 daAuts
     D:2: 1842 daAuts
     D:3: 36 daAuts
